 Dungeon Crawl Stone Soup version 0.31.0-11-ge490571c62 (webtiles) character file.

Game seed: 6485863993652381967

9329 qw the Markself (level 11, -2/64 HPs)
             Began as a Deep Elf Hunter on Feb 5, 2024.
             Was an Elder of Okawaru.
             Slain by a shadow (26 damage)
             ... on level 9 of the Dungeon.
             The game lasted 00:04:07 (7360 turns).

qw the Markself (Deep Elf Hunter)                   Turns: 7360, Time: 00:04:07

Health: -2/64      AC: 11    Str: 12    XL:     11   Next: 21%
Magic:  17/17      EV: 22    Int: 15    God:    Okawaru [****..]
Gold:   325        SH:  0    Dex: 18    Spells: 10/10 levels left

rFire   . . .        j - +3 orcbow (flame)
rCold   + . .        (shield currently unavailable)
rNeg    . . .        r - +2 leather armour {rC+}
rPois   +            h - +2 helmet
rElec   .            b - +0 cloak
rCorr   .            f - +0 pair of gloves
SInv    .            n - +0 pair of boots
Will    +....        (no amulet)
Stlth   ++           t - ring of poison resistance
HPRegen 0.30/turn    v - +5 ring of evasion
MPRegen 0.15/turn

%: no passive effects
@: no status effects
A: no striking features
a: Renounce Religion, Heroism, Finesse


You were on level 9 of the Dungeon.
You worshipped Okawaru.
Okawaru was greatly pleased with you.
You visited 2 branches of the dungeon, and saw 10 of its levels.

You collected 627 gold pieces.
You spent 302 gold pieces at shops.


   Skills:
 + Level 6.0 Fighting
 - Level 16.0 Ranged Weapons
 - Level 3.1 Armour
 - Level 10.1 Dodging
 - Level 1.2 Stealth
 + Level 6.6 Invocations


You had 10 spell levels left.
You didn't know any spells.
Your spell library was empty.

Inventory:

Hand Weapons
 j - a +3 orcbow of flaming (weapon)
Armour
 b - a +0 cloak (worn)
 f - a +0 pair of gloves (worn)
 h - a +2 helmet (worn)
 i - a +0 ring mail
 n - a +0 pair of boots (worn)
 r - a +2 leather armour of cold resistance (worn)
Jewellery
 c - a ring of willpower
 t - a ring of poison resistance (left hand)
 u - a ring of protection from fire
 v - a +5 ring of evasion (right hand)
Wands
 k - a wand of digging (5)
 p - a wand of paralysis (5)
 s - a wand of iceblast (14)
Scrolls
 d - a scroll of teleportation
 g - a scroll of brand weapon {unknown}
Potions
 a - a potion of might
 e - a potion of enlightenment
 m - a potion of resistance
 o - 2 potions of mutation
 q - a potion of cancellation {unknown}

Dungeon Overview and Level Annotations

Branches:
Dungeon (9/15)             Temple (1/1) D:5            Lair (0/5) D:9
    Orc: D:9-12

Altars:
Ashenzari
Cheibriados
Dithmenos
Elyvilon
Fedhas
Gozag
Hepliaklqana
Kikubaaqudgha
Makhleb
Nemelex Xobeh
Okawaru
Qazlal
Ru
Sif Muna
Trog
Uskayaw
Vehumet
Wu Jian
Xom
Yredelemnul
Zin
The Shining One

Shops:
D:1 !   D:6 =

Annotations:
D:8 3 runed translucent doors, qw's ghost, novice DjHu


Message History

Magic restored.
You now have enough gold to buy a ring of ice on D:6, or buy a ring of protection from cold on D:6.
You can access your shopping list by pressing '$'.
You now have 325 gold pieces (gained 39).
Things that are here:
a +0 long sword; a +1 robe of positive energy; a kobold corpse
There is an open door here.
A cyclops comes into view.
The cyclops shouts!
There is an open door, spattered with blood here.
You shoot an arrow. The arrow hits the cyclops!
The arrow burns the cyclops.
The cyclops is lightly wounded.
The cyclops throws a large rock.
The large rock hits you!
You shoot an arrow. The arrow hits the cyclops!
The arrow burns the cyclops.
The cyclops is heavily wounded.
You shoot an arrow. The arrow hits the cyclops!
The arrow burns the cyclops.
The cyclops is almost dead.
The cyclops throws a large rock.
The large rock hits you!!
Ouch! That really hurt!
7341 ||| FLEEEEING.
You start resting.
A cyclops is nearby!
You shoot an arrow. The arrow hits the cyclops.
The arrow burns the cyclops.
You kill the cyclops!
Okawaru is honoured by your kill.
Your Dodging skill increases to level 10!
You start resting.
A shadow is nearby!
7355 ||| FLEEEEING.
You start resting.
A shadow is nearby!
7357 ||| FLEEEEING.
The shadow slips into darkness.
The shadow flickers and vanishes!
Deactivating autopickup; reactivate with Ctrl-A.
You shoot an arrow. You shoot an arrow. You shoot an arrow.
The shadow strikes at you from the darkness!
You die...

.'........#.......#..#.
#..
.#........'.####..#..#.
### ##.......####
#..#..#. #......###
#..#..# #.....##
C..#..#..# #.....#
#..#..#..# .....##
#..#..#..# .....#
#).#..#..# .....#
#..#@.#..# ....##
#####..#..#..# ....#
......)#.....# ....#
.....W.'.....#
###.####################
.......................#
###.############<...##.#
......### #...##..^.##.#
#
~#.##...###...##....'..#
####


There were no monsters in sight!

Vanquished Creatures
  A two-headed ogre (D:6)
  A tengu warrior (D:9)
  An ugly thing (D:9)
  A cyclops (D:9)
  Joseph (D:8)
  2 kobold demonologists (D:9)
  Jeremiah (D:8)
  A tengu conjurer (D:9)
  3 hornets
  A vampire (D:9)
  A vampire mosquito (D:9)
  Grum (D:8)
  4 steam dragons
  3 water moccasins
  An ice beast (D:7)
  7 orc warriors
  2 sky beasts
  3 black bears (D:5)
  3 wolves (D:8)
  5 centaurs
  5 ogres
  3 kobold brigands (D:9)
  4 bullfrogs
  3 scorpions
  6 wights (D:8)
  3 howler monkeys (D:9)
  3 hounds (D:4)
  3 jellies
  5 orc priests
  2 iguanas
  10 orc wizards
  4 sleepcaps
  3 gnolls (D:4)
  6 adders
  4 ufetubi
  4 dart slugs
  32 orcs
  8 endoplasms
  2 giant cockroaches (D:1)
  8 hobgoblins
  8 jackals (D:1)
  10 kobolds
  A quokka (D:1)
  9 ball pythons
  5 bats
  4 frilled lizards
  10 goblins
  5 rats
213 creatures vanquished.

Notes
Turn   | Place    | Note
-------+----------+-------------------------------------------
     0 | D:1      | qw the Deep Elf Hunter began the quest for the Orb.
     0 | D:1      | Reached XP level 1. HP: 12/12 MP: 3/3
     0 | D:1      | 0 ||| qw: Version: 0.3-a-160-g6735b56
     0 | D:1      | 0 ||| qw: Game counter: 6327
     0 | D:1      | 0 ||| qw: Melee chars always use a shield: true
     0 | D:1      | 0 ||| qw: God list: Okawaru
     0 | D:1      | 0 ||| qw: Allow faded altars: false
     0 | D:1      | 0 ||| qw: Do Orc after clearing Dungeon:15 true
     0 | D:1      | 0 ||| qw: Do second Lair branch before Depths: true
     0 | D:1      | 0 ||| qw: Lair rune preference: random
     0 | D:1      | 0 ||| qw: Goals: Normal
     0 | D:1      | 0 ||| PLANNING D:1-11
   100 | D:1      | Reached XP level 2. HP: 16/16 MP: 4/4
   101 | D:1      | Reached skill level 6 in Ranged Weapons
   254 | D:1      | Found Tepuraj's Distillery.
   258 | D:1      | 258 ||| BUYING potion of curing (42 gold).
   258 | D:1      | Bought a potion of curing for 42 gold pieces
   258 | D:1      | 258 ||| SHOPLISTING potion of curing (42 gold, have 17).
   258 | D:1      | 258 ||| SHOPLISTING potion of haste (140 gold, have 17).
   258 | D:1      | 258 ||| SHOPLISTING potion of heal wounds (70 gold, have
                  | 17).
   258 | D:1      | 258 ||| SHOPLISTING potion of might (56 gold, have 17).
   316 | D:1      | Reached XP level 3. HP: 18/20 MP: 5/5
   436 | D:1      | Reached skill level 7 in Ranged Weapons
   512 | D:1      | Found a faded altar of an unknown god.
   568 | D:1      | 568 ||| UPGRADING to +0 helmet.
   573 | D:1      | 573 ||| READING 2 scrolls labelled PACHUU UWOU.
   573 | D:1      | 573 ||| IDENTIFYING smoky emerald potion
   574 | D:1      | 574 ||| READING scroll of identify.
   574 | D:1      | 574 ||| IDENTIFYING 2 smoky amethyst potions
   575 | D:1      | 575 ||| READING scroll labelled BIFAFF MAESIMM.
   575 | D:1      | 575 ||| ENCHANTING +0 shortbow.
   576 | D:1      | 576 ||| DROPPING scroll of butterflies.
   577 | D:1      | 577 ||| DROPPING 2 potions of degeneration.
   578 | D:1      | 578 ||| DROPPING potion of berserk rage.
  1186 | D:2      | Reached XP level 4. HP: 24/25 MP: 6/6
  1200 | D:2      | 1200 ||| READING scroll of identify.
  1200 | D:2      | 1200 ||| IDENTIFYING viscous emerald potion
  1201 | D:2      | 1201 ||| READING scroll labelled BUUSUTENOK.
  1204 | D:2      | 1204 ||| READING scroll labelled URACOU EMMAN.
  1205 | D:2      | 1205 ||| READING scroll labelled GUUC XU EVIME.
  1205 | D:2      | 1205 ||| ENCHANTING +0 helmet.
  1206 | D:2      | 1206 ||| DROPPING potion of brilliance.
  1385 | D:3      | Reached skill level 8 in Ranged Weapons
  1435 | D:3      | 1435 ||| SWAPPING to +2 orcbow of flaming.
  1436 | D:3      | 1436 ||| DROPPING +1 shortbow.
  1622 | D:3      | 1622 ||| UPGRADING to +0 ring mail.
  1632 | D:3      | 1632 ||| DROPPING +0 leather armour.
  1633 | D:3      | 1633 ||| READING 2 scrolls labelled MIHIYQ FEECHIKH.
  1634 | D:3      | 1634 ||| DROPPING scroll of poison.
  1636 | D:3      | 1636 ||| Stepping ~*~*~tactically~*~*~ (cloud).
  1644 | D:3      | HP: 6/25 [poisoned by you (poison gas)]
  1863 | D:4      | Noticed a scorpion
  1865 | D:4      | 1865 ||| ZAPPING wand of light (4) at -3,5 (scorpion;
                  | floor).
  1865 | D:4      | Killed a scorpion
  1866 | D:4      | Reached XP level 5. HP: 29/29 MP: 7/7
  1872 | D:4      | Reached skill level 9 in Ranged Weapons
  1901 | D:4      | Noticed an ogre
  1903 | D:4      | Found the +6 shillelagh "Devastator" {shatter}
  1904 | D:4      | 1904 ||| ZAPPING wand of light (3) at 1,3 (ogre; floor).
  1904 | D:4      | Noticed an ogre
  1905 | D:4      | 1905 ||| RETREEEEATING.
  1906 | D:4      | 1906 ||| ZAPPING wand of light (2) at 0,2 (ogre; floor).
  1906 | D:4      | Killed an ogre
  1907 | D:4      | Reached XP level 6. HP: 36/36 MP: 8/8
  1955 | D:4      | 1955 ||| DRINKING 2 potions of curing.
  1955 | D:4      | 1955 ||| (to cure confusion)
  1964 | D:4      | Reached skill level 10 in Ranged Weapons
  1967 | D:4      | Found a shimmering blue altar of Sif Muna.
  2027 | D:4      | Reached skill level 3 in Dodging
  2088 | D:4      | 2088 ||| READING scroll of enchant armour.
  2088 | D:4      | 2088 ||| ENCHANTING +1 helmet.
  2242 | D:4      | Reached skill level 1 in Armour
  2242 | D:4      | Reached XP level 7. HP: 40/40 MP: 9/9
  2555 | D:4      | 2555 ||| UPGRADING to +0 pair of boots.
  2560 | D:4      | 2560 ||| READING scroll labelled SISOONW PIMI.
  2661 | D:4      | 2661 ||| DRINKING 2 black potions.
  2680 | D:5      | Entered Level 5 of the Dungeon
  2721 | D:5      | Reached skill level 11 in Ranged Weapons
  2986 | D:5      | Reached skill level 12 in Ranged Weapons
  2989 | D:5      | Reached skill level 3 in Fighting
  2989 | D:5      | Reached XP level 8. HP: 37/46 MP: 10/10
  3310 | D:5      | Found a staircase to the Ecumenical Temple.
  3311 | D:5      | 3311 ||| PLANNING TEMPLE
  3311 | D:5      | 3311 ||| UPGRADING to +0 cloak.
  3316 | D:5      | 3316 ||| READING scroll labelled FISCHY VUPTITRO.
  3317 | D:5      | 3317 ||| READING scroll labelled FEWENU YR XILI.
  3318 | D:5      | 3318 ||| DRINKING 2 green potions.
  3319 | D:5      | 3319 ||| DROPPING potion of attraction.
  3328 | Temple   | Entered the Ecumenical Temple
  3329 | Temple   | 3329 ||| PLANNING OKAWARU WORSHIP
  3347 | Temple   | Became a worshipper of Warmaster Okawaru
  3348 | Temple   | 3348 ||| PLANNING D:1-11
  3431 | D:6      | Noticed a two-headed ogre
  3443 | D:6      | Killed a two-headed ogre
  3444 | D:6      | Reached skill level 14 in Ranged Weapons
  3464 | D:6      | 3464 ||| FLEEEEING.
  3465 | D:6      | 3465 ||| FLEEEEING.
  3694 | D:6      | Reached XP level 9. HP: 51/51 MP: 11/11
  3810 | D:6      | Found Lucoanisu's Jewellery Shoppe.
  3818 | D:6      | 3818 ||| SHOPLISTING +6 ring of dexterity (468 gold, have
                  | 294).
  3818 | D:6      | 3818 ||| SHOPLISTING amulet of faith (520 gold, have 294).
  3818 | D:6      | 3818 ||| SHOPLISTING amulet of regeneration (390 gold, have
                  | 294).
  3818 | D:6      | 3818 ||| SHOPLISTING ring "Dabaumal" {rCorr Int+6} (631
                  | gold, have 294).
  3818 | D:6      | 3818 ||| SHOPLISTING ring "Yzopucy" {Ice rPois Will++
                  | Str+4} (761 gold, have 294).
  3818 | D:6      | 3818 ||| SHOPLISTING ring of ice (325 gold, have 294).
  3818 | D:6      | 3818 ||| BUYING ring of poison resistance (260 gold).
  3818 | D:6      | Bought a ring of poison resistance for 260 gold pieces
  3818 | D:6      | 3818 ||| SHOPLISTING ring of poison resistance (260 gold,
                  | have 34).
  3818 | D:6      | 3818 ||| SHOPLISTING ring of protection from cold (325
                  | gold, have 34).
  3874 | D:6      | 3874 ||| UPGRADING to ring of poison resistance.
  3875 | D:6      | 3875 ||| READING scroll labelled ZEGI UCEMI.
  3876 | D:6      | 3876 ||| DRINKING 2 inky potions.
  3877 | D:6      | 3877 ||| DROPPING wand of flame (20).
  3980 | D:7      | Reached * piety under Okawaru
  4114 | D:7      | Reached skill level 1 in Invocations
  4124 | D:7      | Reached skill level 15 in Ranged Weapons
  4255 | D:7      | Identified the +0 chain mail of the Orb {*Corrode rF+
                  | Str+7}
  4602 | D:7      | Reached skill level 3 in Invocations
  4628 | D:7      | 4628 ||| DROPPING +1 hat.
  4629 | D:7      | 4629 ||| UPGRADING to +5 ring of evasion.
  4630 | D:7      | 4630 ||| READING 2 scrolls of identify.
  4630 | D:7      | 4630 ||| IDENTIFYING murky emerald potion
  4631 | D:7      | 4631 ||| READING scroll of identify.
  4631 | D:7      | 4631 ||| IDENTIFYING fuming emerald potion
  4632 | D:7      | 4632 ||| READING scroll labelled XAIDEGITEL.
  4633 | D:7      | 4633 ||| DRINKING 2 smoky white potions.
  4709 | D:8      | Noticed Joseph
  4710 | D:8      | 4710 ||| INVOKING Heroism.
  4720 | D:8      | Killed Joseph
  4720 | D:8      | Reached ** piety under Okawaru
  4835 | D:8      | 4835 ||| Stepping ~*~*~tactically~*~*~ (cloud).
  4836 | D:8      | 4836 ||| Stepping ~*~*~tactically~*~*~ (cloud).
  4991 | D:8      | Found a runed translucent gate.
  4992 | D:8      | Found a runed translucent gate.
  4993 | D:8      | Found a runed translucent gate.
  4996 | D:8      | Noticed qw's ghost (novice DjHu)
  5015 | D:8      | Noticed Jeremiah
  5016 | D:8      | 5016 ||| INVOKING Heroism.
  5024 | D:8      | Reached skill level 16 in Ranged Weapons
  5024 | D:8      | 5024 ||| DRINKING potion of haste.
  5034 | D:8      | Killed Jeremiah
  5035 | D:8      | Reached XP level 10. HP: 53/56 MP: 13/15
  5118 | D:8      | 5118 ||| RETREEEEATING.
  5118 | D:8      | Noticed Grum
  5119 | D:8      | 5119 ||| RETREEEEATING.
  5121 | D:8      | 5121 ||| INVOKING Heroism.
  5125 | D:8      | Reached skill level 6 in Dodging
  5137 | D:8      | HP: 6/56 [Grum/-1 glaive of protection (12)]
  5138 | D:8      | 5138 ||| READING 3 scrolls of teleportation.
  5141 | D:8      | Killed Grum
  5144 | D:8      | 5144 ||| READING 2 scrolls of teleportation.
  5146 | D:8      | 5146 ||| FLEEEEING.
  5147 | D:8      | 5147 ||| FLEEEEING.
  5492 | D:8      | Reached *** piety under Okawaru
  5597 | D:8      | 5597 ||| READING scroll of enchant weapon.
  5597 | D:8      | 5597 ||| ENCHANTING +2 orcbow of flaming.
  5775 | D:8      | 5775 ||| Stepping ~*~*~tactically~*~*~ (cloud).
  5889 | D:8      | Reached skill level 3 in Armour
  5988 | D:8      | Identified the +1 robe of Paaf {rElec}
  6140 | D:8      | 6140 ||| UPGRADING to +0 pair of gloves.
  6145 | D:8      | 6145 ||| UPGRADING to +2 leather armour of cold resistance.
  6155 | D:8      | 6155 ||| DROPPING +1 robe of Paaf {rElec}.
  6156 | D:8      | 6156 ||| DROPPING amulet of magic regeneration.
  6157 | D:8      | 6157 ||| DRINKING 2 golden potions.
  6189 | D:8      | 6189 ||| DROPPING potion of lignification.
  6268 | D:9      | Found a staircase to the Lair.
  6294 | D:9      | 6294 ||| DRINKING potion of curing.
  6294 | D:9      | 6294 ||| (to cure confusion)
  6319 | D:9      | Reached **** piety under Okawaru
  6351 | D:9      | Noticed a tengu warrior
  6351 | D:9      | 6351 ||| INVOKING Finesse.
  6361 | D:9      | Killed a tengu warrior
  6362 | D:9      | Reached skill level 9 in Dodging
  6570 | D:9      | Reached ***** piety under Okawaru
  6581 | D:9      | 6581 ||| Stepping ~*~*~tactically~*~*~ (cloud).
  6595 | D:9      | Reached XP level 11. HP: 44/64 MP: 17/17
  6760 | D:9      | Noticed a green ugly thing
  6761 | D:9      | 6761 ||| INVOKING Finesse.
  6762 | D:9      | Noticed a sun demon
  6762 | D:9      | 6762 ||| ZAPPING wand of light (1) at -2,-3 (sun demon;
                  | floor).
  6762 | D:9      | HP: 11/64 [shadow (7)]
  6763 | D:9      | 6763 ||| READING 2 scrolls of teleportation.
  6770 | D:9      | HP: 4/64 [shadow (8)]
  6925 | D:9      | 6925 ||| INVOKING Finesse.
  6932 | D:9      | Killed a green ugly thing
  6933 | D:9      | Reached skill level 6 in Fighting
  6933 | D:9      | Reached skill level 6 in Invocations
  7275 | D:9      | Noticed a sixfirhy
  7275 | D:9      | 7275 ||| INVOKING Finesse.
  7341 | D:9      | 7341 ||| FLEEEEING.
  7355 | D:9      | 7355 ||| FLEEEEING.
  7357 | D:9      | 7357 ||| FLEEEEING.
  7360 | D:9      | Slain by a shadow

Levels and vault maps discovered:
D:1:      noname_arrival_rooms_in_the_neighbourhood, layout_rooms, serial_shops,
          nicolae_shop_back_alley_shop, shapermc_ecumenical_altar_acropolis
D:2:      layout_loops_ring, minmay_shallow_snake_nest
D:3:      layout_rooms
D:4:      layout_loops_corners, mainiacjoe_overflow_paths,
          dilly_guarded_unrand_devastator
D:5:      layout_loops_ring, temple_hall
D:6:      layout_rooms, serial_shops, shop_statue
D:7:      layout_loops_ring, dreamdust_wishing_well
D:8:      layout_gridville, gammafunk_ghost_necromancy, uniq_grum,
          uniq_jeremiah, uniq_joseph
D:9:      minmay_quarter_circles, layout_basic, lair_entry_dummy, serial_glass,
          glass_columns_a, glass_columns_a
Temple:   regret_index_temple_sigil_plot

Skill      XL: |  1  2  3  4  5  6  7  8  9 10 11 |
---------------+----------------------------------+-----
Ranged Weapons | 6 7 8 9 10 12 14 16 | 16.0
Fighting       | 2 3 4 5 6 |  6.0
Dodging        | 3 5 9 10 | 10.1
Armour         | 1 2 3 |  3.1
Invocations    | 4 5 6 |  6.6
Stealth        | |  1.2

Action                     |  1- 3 |  4- 6 |  7- 9 | 10-12 || total
---------------------------+-------+-------+-------+-------++-------
   Fire: Shortbow          |   115 |    37 |       |       ||   152
         Orcbow            |       |    55 |   228 |   262 ||   545
 Invoke: Heroism           |       |       |     2 |     1 ||     3
         Finesse           |       |       |       |     4 ||     4
  Evoke: Wand              |       |     3 |       |     1 ||     4
    Use: Scroll            |     3 |     6 |     7 |     4 ||    20
         Potion            |       |     1 |     5 |     2 ||     8
 Armour: Leather armour    |    15 |    12 |       |    22 ||    49
         Ring mail         |       |     4 |    55 |    22 ||    81
  Dodge: Dodged            |    18 |    24 |    65 |   100 ||   207

Table legend:
 A = Non-vault XP
 B = Vault XP
 C = Vault XP percentage of total XP
 D = Non-vault monster count
 E = Vault monster count
 F = Vault count percentage of total count
                 A         B        C        D         E       F
            +---------+---------+-------+---------+---------+-------
      Total |    7917 |    5411 |  40.6 |     181 |      32 |  15.0
            +---------+---------+-------+---------+---------+-------
        D:1 |      63 |       0 |   0.0 |      35 |       0 |   0.0
        D:2 |      19 |      19 |  50.0 |      10 |       4 |  28.6
        D:3 |      56 |       0 |   0.0 |      12 |       0 |   0.0
        D:4 |     469 |     245 |  34.3 |      27 |       2 |   6.9
        D:5 |     721 |       0 |   0.0 |      15 |       0 |   0.0
        D:6 |    1315 |       0 |   0.0 |      12 |       0 |   0.0
        D:7 |    1251 |       0 |   0.0 |      25 |       0 |   0.0
        D:8 |    2088 |    1353 |  39.3 |      25 |       6 |  19.4
        D:9 |    1935 |    3794 |  66.2 |      20 |      20 |  50.0
            +---------+---------+-------+---------+---------+-------
